[Event "Titled Tuesday Blitz June 28 Early 2022"]
[White "Ibarra Jerez, Jose Carlos"]
[Black "Le, Quang Liem"]
[WhiteFideId "2226332"]
[BlackFideId "12401137"]
[WhiteElo "2628"]
[BlackElo "2657"]
[Result "1/2-1/2"]
[Round "07"]
[TimeControl "180+1"]
[Date "2022.06.28"]
[WhiteClock "0:00:19"]
[BlackClock "0:00:27"]

1. e4 c5 2. Nc3 Nc6 3. Nf3 e6 4. d4 cxd4 5. Nxd4 Qc7 6. g3 a6 7. Bg2 Nf6 8. O-O h5 9. h3 Nxd4 10. Qxd4 Bc5 11. Bf4 d6 12. Qd2 e5 13. Bg5 Be6 14. Rad1 b5 15. a3 Rd8 16. Nd5 Bxd5 17. exd5 Rc8 18. c3 Nh7 19. Bf3 Nxg5 20. Qxg5 g6 21. Kg2 Qe7 22. Qd2 e4 23. Rfe1 f5 24. Be2 h4 25. g4 Kf7 26. f4 Bb6 27. Rf1 Kg7 28. Ra1 Rhf8 29. a4 b4 30. Bxa6 bxc3 31. bxc3 Rc5 32. Rab1 Qa7 33. Qd4+ Kh7 34. a5 Bxa5 35. Rb7+ Qxb7 36. Bxb7 Bxc3 37. Qa4 Rf7 38. Bc6 Bg7 39. Rf2 e3 40. Re2 Re7 41. gxf5 gxf5 42. Qa8 Rc4 43. Kf3 Bh6 44. Rxe3 Rxf4+ 45. Ke2 Rxe3+ 46. Kxe3 Ra4+ 47. Kf3 Rxa8 48. Bxa8 Kg6 49. Bc6 Kf6 50. Bd7 Ke5 51. Be6 Bg5 52. Bg8 Kd4 53. Be6 Ke5 54. Bg8 Bd2 55. Be6 f4 56. Bg8 Be1 57. Be6 Bg3 58. Bg8 Kd4 59. Be6 Kd3 60. Bg8 Kd2 61. Be6 Ke1 62. Bg8 Kf1 63. Be6 Kg1 64. Bg4 Kh2 65. Be6 1/2-1/2


[Site "https://www.chess.com"]

[Event "Titled Tuesday Blitz June 28 Early 2022"]
[White "Iinuma, Paul Y"]
[Black "Carrasco Miranda, Andres"]
[WhiteFideId "2031809"]
[BlackFideId "3405990"]
[WhiteElo "2052"]
[BlackElo "2177"]
[Result "0-1"]
[Round "07"]
[TimeControl "180+1"]
[Date "2022.06.28"]
[WhiteClock "0:00:05"]
[BlackClock "0:00:17"]

1. d4 Nf6 2. Nf3 g6 3. c4 Bg7 4. Nc3 d5 5. cxd5 Nxd5 6. e4 Nxc3 7. bxc3 c5 8. Rb1 O-O 9. Be2 cxd4 10. cxd4 Qa5+ 11. Bd2 Qxa2 12. O-O Bg4 13. Rxb7 Bxf3 14. Bxf3 Bxd4 15. Bh6 Rd8 16. Qc1 Nd7 17. Rc7 a5 18. e5 Rab8 19. e6 Qxe6 20. Re1 Ne5 21. Be4 a4 22. Qa3 Bxf2+ 23. Kxf2 Qb6+ 24. Qc5 Ng4+ 25. Kg3 Qxc5 26. Rxc5 Nxh6 27. Ra1 Rb3+ 28. Bf3 Nf5+ 29. Kh3 a3 30. Ra5 Rdd3 31. Ra8+ Kg7 32. Kg4 h5+ 33. Kh3 e5 34. g3 Rxf3 35. Ra4 h4 36. Kg2 hxg3 37. hxg3 Rxg3+ 38. Kf2 Rbf3+ 39. Ke2 Nd4+ 40. Kd2 Rf2+ 41. Ke1 Re2+ 42. Kf1 Rf3+ 43. Kg1 Rb3 44. R4xa3 Rxa3 45. Rxa3 f5 46. Kf1 Rc2 47. Ra7+ Kf6 48. Ra6+ Kg5 49. Ra8 e4 50. Rh8 e3 51. Ke1 f4 52. Kf1 f3 53. Ke1 Rc1# 0-1


[Site "https://www.chess.com"]

[Event "Titled Tuesday Blitz June 28 Early 2022"]
[White "Ismagilov, Damir"]
[Black "Jubin Jimmy"]
[WhiteFideId "34199982"]
[BlackFideId "46686614"]
[WhiteElo "2138"]
[BlackElo "2219"]
[Result "1-0"]
[Round "07"]
[TimeControl "180+1"]
[Date "2022.06.28"]
[WhiteClock "0:00:49"]
[BlackClock "0:01:10"]

1. d4 Nf6 2. c4 e6 3. Nf3 Bb4+ 4. Nbd2 b6 5. a3 Bxd2+ 6. Qxd2 Bb7 7. e3 d6 8. Be2 Nbd7 9. O-O O-O 10. b4 Ne4 11. Qc2 f5 12. Bb2 Qe8 13. Rad1 Qg6 14. d5 e5 15. Nd2 Nxd2 16. Rxd2 Qg5 17. f4 Qh6 18. Bd3 g6 19. Qc3 Rae8 20. Rdf2 Re7 21. e4 fxe4 22. Bxe4 Ref7 23. f5 gxf5 24. Bxf5 Rxf5 25. Rxf5 Rxf5 26. Rxf5 b5 27. Bc1 Qh4 28. h3 bxc4 29. Rg5+ Kh8 30. Rg4 Qe7 31. Bh6 Bxd5 32. Qg3 Be6 33. Bg7+ Kg8 34. Bf6+ 1-0


[Site "https://www.chess.com"]

[Event "Titled Tuesday Blitz June 28 Early 2022"]
[White "Jaskolka, Tomasz"]
[Black "Jiganchine, Roman"]
[WhiteFideId "1170791"]
[BlackFideId "2603667"]
[WhiteElo "2073"]
[BlackElo "2290"]
[Result "1/2-1/2"]
[Round "07"]
[TimeControl "180+1"]
[Date "2022.06.28"]
[WhiteClock "0:01:02"]
[BlackClock "0:00:19"]

1. d4 d5 2. Bf4 c5 3. e3 Nc6 4. c3 e6 5. Nd2 Nf6 6. Ngf3 Bd6 7. Bg3 O-O 8. Bd3 Qe7 9. Ne5 Nd7 10. Nxd7 Qxd7 11. f4 b6 12. O-O a5 13. Qe2 Bb7 14. Rae1 Rac8 15. Nf3 Qe7 16. Bxh7+ Kxh7 17. Ng5+ Kg6 18. Bh4 f5 19. Qf3 Qe8 20. Qg3 Kh6 21. Qh3 Qh5 22. Rf3 Qg4 23. Nxe6 Rce8 24. Bg5+ Kg6 25. Nxf8+ Rxf8 26. Rg3 Qxh3 27. gxh3 Kf7 28. Kf2 g6 29. Reg1 Rg8 30. h4 Ne7 31. h5 gxh5 32. Bxe7 Rxg3 33. Bxd6 Rxg1 34. Kxg1 Ke6 35. Bc7 cxd4 36. exd4 a4 37. Bxb6 Ba6 38. Kf2 Bc4 39. a3 Bb3 40. Kg3 Kf7 41. Kh4 Kg6 42. Kg3 Bc4 43. h4 Bb3 44. Kf2 Bc4 45. Ke3 Kf7 46. Kd2 Ke6 47. b4 axb3 48. Kc1 Kd7 49. a4 Kc6 50. Bc5 Kb7 51. Kb2 Ka6 52. Ka3 Ka5 53. Bb4+ Ka6 54. Kb2 Kb6 55. Kc1 Ka6 56. Kb2 Kb6 57. a5+ Ka6 58. Ka3 Kb5 59. Kb2 Ka6 60. Ka3 Kb5 61. Bc5 Kxa5 62. Bb4+ Kb5 63. Bc5 Ka6 64. Bb4 Kb5 65. Bc5 Ka5 66. Bb4+ Kb5 1/2-1/2


[Site "https://www.chess.com"]

[Event "Titled Tuesday Blitz June 28 Early 2022"]
[White "Jia, Haoxiang"]
[Black "Espinosa Veloz, Ermes"]
[WhiteFideId "8602999"]
[BlackFideId "3507424"]
[WhiteElo "2615"]
[BlackElo "2333"]
[Result "1-0"]
[Round "07"]
[TimeControl "180+1"]
[Date "2022.06.28"]
[WhiteClock "0:00:12"]
[BlackClock "0:00:05"]

1. c4 c5 2. g3 Nc6 3. Bg2 g6 4. Nc3 Bg7 5. a3 a5 6. Nf3 e5 7. d3 Nge7 8. O-O d6 9. Ne1 Be6 10. Nc2 d5 11. cxd5 Nxd5 12. Ne3 Nb6 13. Bd2 O-O 14. Bxc6 bxc6 15. Ne4 c4 16. Rc1 cxd3 17. exd3 Bh3 18. Re1 Qd4 19. Bc3 Qd7 20. Ng5 Rfd8 21. Nxh3 Qxh3 22. Qf3 Qd7 23. Ng4 Qxd3 24. Qxd3 Rxd3 25. Bxe5 h5 26. Bxg7 Kxg7 27. Ne5 Rd2 28. Rxc6 Rxb2 29. Rc7 Rf8 30. Rb7 Nc4 31. Rxb2 Nxb2 32. Rb1 Re8 33. Nxg6 Nc4 34. Nf4 Nxa3 35. Ra1 Nc4 36. Ra4 Re1+ 37. Kg2 Rc1 38. Nxh5+ Kh6 39. Nf6 Rc2 40. Ng4+ Kg7 41. h3 f5 42. Nh2 Kf7 43. Kf3 Ke7 44. Nf1 Ne5+ 45. Kf4 Nc6 46. f3 Kd6 47. Ne3 Rc3 48. Nxf5+ Kc5 49. h4 Kb5 50. Ra1 a4 51. h5 Rc4+ 52. Kg5 Rc5 53. g4 Nd4 54. h6 Nb3 55. Ra3 Kb4 56. Ra2 a3 57. h7 Rc8 58. Nd6 Rh8 59. Kg6 Nd4 60. Nf7 Rxh7 61. Kxh7 Kb3 62. Rxa3+ Kxa3 63. f4 Kb4 64. g5 Kc5 65. g6 Ne6 66. f5 Nf8+ 67. Kg8 Nd7 68. Ng5 Kd5 69. Kf7 Ne5+ 70. Ke7 Nc6+ 71. Kf6 Ne5 72. g7 Nd7+ 73. Ke7 Nf6 74. Kxf6 1-0


[Site "https://www.chess.com"]

[Event "Titled Tuesday Blitz June 28 Early 2022"]
[White "Jobava, Baadur"]
[Black "Jaracz, Pawel"]
[WhiteFideId "13601520"]
[BlackFideId "1102222"]
[WhiteElo "2617"]
[BlackElo "2459"]
[Result "1-0"]
[Round "07"]
[TimeControl "180+1"]
[Date "2022.06.28"]
[WhiteClock "0:01:12"]
[BlackClock "0:00:17"]

1. b3 d5 2. Bb2 Bg4 3. f3 Bd7 4. e3 c5 5. Nc3 Nf6 6. Nge2 Nc6 7. d4 e6 8. Qd2 cxd4 9. Nxd4 Be7 10. O-O-O O-O 11. Kb1 Rc8 12. g4 Nxd4 13. exd4 Qa5 14. Qe3 Ba3 15. h4 Rc7 16. Rh2 Rfc8 17. Rd3 Bxb2 18. Kxb2 Bb5 19. Nxb5 Qxb5 20. h5 Qb6 21. h6 g6 22. Qe5 Ne8 23. Rdd2 Qd6 24. Bb5 f6 25. Qxd6 Nxd6 26. Bd3 b5 27. Rde2 Kf7 28. f4 f5 29. gxf5 gxf5 30. Rhg2 Kf6 31. Re1 Nf7 32. Bxb5 Nxh6 33. c4 Ng4 34. Rge2 dxc4 35. Rxe6+ Kf7 36. Bxc4 Rxc4 37. Re7+ Kg6 38. bxc4 Rxc4 39. R1e6+ Nf6 40. Rxa7 Rc6 41. Rxc6 1-0


[Site "https://www.chess.com"]

[Event "Titled Tuesday Blitz June 28 Early 2022"]
[White "Johnson, Ben"]
[Black "Haas, Michael"]
[WhiteFideId "2010917"]
[BlackFideId "1629514"]
[WhiteElo "2181"]
[BlackElo "1982"]
[Result "1-0"]
[Round "07"]
[TimeControl "180+1"]
[Date "2022.06.28"]
[WhiteClock "0:01:30"]
[BlackClock "0:02:00"]

1. Nf3 d5 2. e3 Nf6 3. c4 e6 4. b3 Be7 5. Bb2 O-O 6. Nc3 b6 7. cxd5 Nxd5 8. Qc2 Bb7 9. Be2 c5 10. h4 Nd7 11. Ng5 g6 12. a3 Bxg5 13. hxg5 Qxg5 14. O-O-O c4 15. Bxc4 Rac8 16. Kb1 a6 17. f4 Nxc3+ 18. Qxc3 1-0


[Site "https://www.chess.com"]

[Event "Titled Tuesday Blitz June 28 Early 2022"]
[White "Jovic, Stanoje"]
[Black "Gracia Alvarez, Gerardo Antonio"]
[WhiteFideId "905020"]
[BlackFideId "5109124"]
[WhiteElo "2286"]
[BlackElo "2139"]
[Result "1-0"]
[Round "07"]
[TimeControl "180+1"]
[Date "2022.06.28"]
[WhiteClock "0:00:24"]
[BlackClock "0:00:08"]

1. c4 c5 2. g3 Nc6 3. Bg2 g6 4. Nc3 Bg7 5. Nf3 e6 6. O-O Nge7 7. d4 cxd4 8. Nb5 O-O 9. Nbxd4 d5 10. cxd5 Nxd4 11. Nxd4 Nxd5 12. e4 Nb6 13. Nb3 Bd7 14. Qe2 Qe7 15. Be3 Rfc8 16. e5 Bc6 17. Bc5 Qe8 18. Bd6 Bxg2 19. Kxg2 Qc6+ 20. Kh3 Qc2 21. Rfe1 Qf5+ 22. g4 Qf4 23. Qe3 Nd5 24. Qxf4 Nxf4+ 25. Kg3 Nd3 26. Re2 g5 27. Rd1 Nf4 28. Red2 b6 29. h4 h6 30. hxg5 hxg5 31. Kf3 Rc4 32. Rd4 Rac8 33. Rxc4 Rxc4 34. Rd4 Rc2 35. Rd2 Rc4 36. Rd4 Rc6 37. a4 Kh7 38. Nd2 Rc2 39. Ne4 Kg6 40. Rd2 Rc4 41. b3 Rc6 42. Rd4 Nd5 43. Rc4 Rxc4 44. bxc4 Nf4 45. Ke3 Ng2+ 46. Kd4 Nf4 47. Bb8 a6 48. Ba7 Ne2+ 49. Ke3 Nf4 50. Nf6 Bxf6 51. exf6 Kxf6 52. Bxb6 Ke5 53. Bc7+ Kf6 54. Bxf4 1-0


[Site "https://www.chess.com"]

[Event "Titled Tuesday Blitz June 28 Early 2022"]
[White "Kalogridis, Antonios"]
[Black "Donatti, Alvaro"]
[WhiteFideId "25833901"]
[BlackFideId "3000303"]
[WhiteElo "1596"]
[BlackElo "2138"]
[Result "0-1"]
[Round "07"]
[TimeControl "180+1"]
[Date "2022.06.28"]
[WhiteClock "0:00:51"]
[BlackClock "0:00:58"]

1. d4 Nf6 2. Nc3 d5 3. Bf4 c6 4. f3 e6 5. e4 dxe4 6. fxe4 Bb4 7. Qd3 O-O 8. O-O-O Qa5 9. Kb1 Nbd7 10. e5 Nd5 11. Bd2 Bxc3 12. Bxc3 Nxc3+ 13. Qxc3 Qxc3 14. bxc3 c5 15. Nf3 b6 16. d5 exd5 17. Rxd5 Nb8 18. Bc4 Nc6 19. Rhd1 Be6 20. Ng5 Na5 21. Nxe6 fxe6 22. R5d4 cxd4 23. Bxe6+ Kh8 24. cxd4 Rad8 25. d5 Nc4 26. Re1 Rfe8 27. Kc1 g6 28. Re4 Na5 29. c4 Nb7 30. Bf7 Re7 31. e6 Nd6 32. Bxg6 hxg6 33. Rf4 Kg7 34. h4 Rc8 35. h5 Rxc4+ 36. Rxc4 Nxc4 37. g4 gxh5 38. gxh5 Ne3 0-1


[Site "https://www.chess.com"]

[Event "Titled Tuesday Blitz June 28 Early 2022"]
[White "Kanyamarala, Tarun"]
[Black "Vianello, Enrico"]
[WhiteFideId "45004714"]
[BlackFideId "810738"]
[WhiteElo "2219"]
[BlackElo "2229"]
[Result "1-0"]
[Round "07"]
[TimeControl "180+1"]
[Date "2022.06.28"]
[WhiteClock "0:02:05"]
[BlackClock "0:00:38"]

1. h3 d5 2. g3 c5 3. Bg2 Nc6 4. c4 Nf6 5. cxd5 Nxd5 6. Nf3 e5 7. O-O Be6 8. Nc3 Be7 9. d3 O-O 10. Bd2 Rc8 11. Rc1 a6 12. a3 b5 13. Ne4 Nd4 14. Nxd4 cxd4 15. Rxc8 Qxc8 16. Qb1 Qd7 17. Rc1 Rc8 18. Rxc8+ Qxc8 19. Qc1 Qxc1+ 20. Bxc1 Kf8 21. Nd2 Ke8 22. Nb3 Kd7 23. Bd2 f6 24. Nc1 Nc7 25. e4 dxe3 26. fxe3 Bd5 27. Bxd5 Nxd5 28. g4 Bc5 29. Kf2 Ke6 30. Kf3 g5 31. Ne2 Be7 32. Ng3 Nb6 33. Nf5 Bf8 34. Ba5 Na4 35. b4 Nb2 36. Ke4 Nd1 37. d4 Nf2+ 38. Kf3 Nxh3 39. Kg2 Nf4+ 40. exf4 gxf4 41. Kf3 h5 42. Ke4 hxg4 43. d5+ Kd7 44. Bb6 g3 45. Bg1 Kc7 46. Bc5 Bxc5 47. bxc5 g2 48. d6+ Kd7 49. Kd5 g1=Q 50. c6+ Kc8 51. Ne7+ Kb8 52. c7+ Ka7 53. c8=Q Qd4+ 54. Ke6 Kb6 55. Qc7# 1-0


[Site "https://www.chess.com"]

[Event "Titled Tuesday Blitz June 28 Early 2022"]
[White "Kanyamarala, Trisha"]
[Black "Zochowski, Kacper"]
[WhiteFideId "45004722"]
[BlackFideId "1125494"]
[WhiteElo "2134"]
[BlackElo "2214"]
[Result "0-1"]
[Round "07"]
[TimeControl "180+1"]
[Date "2022.06.28"]
[WhiteClock "0:01:17"]
[BlackClock "0:00:55"]

1. d4 Nf6 2. c4 e6 3. Nc3 Bb4 4. Qc2 d5 5. cxd5 exd5 6. Bg5 c5 7. e3 h6 8. Bh4 g5 9. Bg3 Ne4 10. Nf3 Qa5 11. Rc1 Qxa2 12. Bb5+ Bd7 13. O-O Bxc3 14. Bxd7+ Nxd7 15. bxc3 Qxc2 16. Rxc2 c4 17. Rb1 b6 18. Rb5 Ndf6 19. Be5 O-O-O 20. Nd2 Rhe8 21. Nxe4 Nxe4 22. f3 f6 23. fxe4 fxe5 24. exd5 exd4 25. cxd4 Rxe3 26. Rxc4+ Kb7 27. Rc6 Rf8 28. h3 Re1+ 29. Kh2 h5 30. Rg6 h4 31. Rxg5 Rff1 32. g3 Rf2# 0-1


[Site "https://www.chess.com"]

[Event "Titled Tuesday Blitz June 28 Early 2022"]
[White "Kapitsyn, Mark"]
[Black "Ismayil, Malak"]
[WhiteFideId "4116240"]
[BlackFideId "13412604"]
[WhiteElo "2296"]
[BlackElo "1879"]
[Result "0-1"]
[Round "07"]
[TimeControl "180+1"]
[Date "2022.06.28"]
[WhiteClock "0:00:01"]
[BlackClock "0:01:45"]

1. e4 e5 2. Nf3 Nc6 3. Bc4 Bc5 4. c3 Nf6 5. d3 d6 6. b4 Bb6 7. a4 a6 8. O-O h6 9. a5 Ba7 10. Nbd2 O-O 11. Re1 Ng4 12. Re2 Be6 13. h3 Nf6 14. Bxe6 fxe6 15. Qb3 Qd7 16. Nf1 Nh5 17. N1h2 Nf4 18. Bxf4 Rxf4 19. Rd1 Raf8 20. b5 Nxa5 21. Qa2 Bb6 22. bxa6 bxa6 23. Kh1 Kh8 24. d4 exd4 25. cxd4 Qf7 26. Rd3 Qg6 27. Ng4 Nc6 28. Qxa6 Nb4 29. Qc4 Nxd3 30. Qxd3 h5 31. Ngh2 d5 32. Qc2 Rxe4 33. Ne5 Qh7 0-1


[Site "https://www.chess.com"]

[Event "Titled Tuesday Blitz June 28 Early 2022"]
[White "Karavade, Eesha"]
[Black "Blokhin, Sofia"]
[WhiteFideId "5012600"]
[BlackFideId "4508190"]
[WhiteElo "2258"]
[BlackElo "1760"]
[Result "1-0"]
[Round "07"]
[TimeControl "180+1"]
[Date "2022.06.28"]
[WhiteClock "0:00:58"]
[BlackClock "0:00:01"]

1. d4 f5 2. g3 e6 3. Bg2 d5 4. h4 Nf6 5. Bf4 Bd6 6. Nh3 O-O 7. Nd2 b6 8. O-O Ne4 9. Nf3 Bb7 10. Ne5 Nd7 11. f3 Nef6 12. Nd3 Nh5 13. Bxd6 cxd6 14. Kh2 e5 15. c3 f4 16. g4 Ng3 17. g5 Nxf1+ 18. Qxf1 Ba6 19. Nb4 Bb7 20. dxe5 dxe5 21. Rd1 Nc5 22. Qf2 a5 23. Nd3 Nxd3 24. Rxd3 Qe7 25. Qxb6 e4 26. Rd4 Ra6 27. Qb3 Re6 28. fxe4 dxe4 29. Bxe4 a4 30. Rxa4 Bxe4 31. Rxe4 Re8 32. Nxf4 Qd6 33. Kg1 Kf7 34. Rxe6 Qxf4 35. Rf6+ 1-0


[Site "https://www.chess.com"]

[Event "Titled Tuesday Blitz June 28 Early 2022"]
[White "Khamdamova, Afruza"]
[Black "Bychkov, Vladimir"]
[WhiteFideId "14210444"]
[BlackFideId "24151513"]
[WhiteElo "1660"]
[BlackElo "2197"]
[Result "1-0"]
[Round "07"]
[TimeControl "180+1"]
[Date "2022.06.28"]
[WhiteClock "0:01:11"]
[BlackClock "0:00:39"]

1. e4 e6 2. d4 d5 3. Nd2 Nf6 4. e5 Nfd7 5. f4 c5 6. c3 Nc6 7. Ndf3 cxd4 8. cxd4 Bb4+ 9. Bd2 Be7 10. Ne2 f6 11. Nc3 O-O 12. Be3 g5 13. exf6 Nxf6 14. Nxg5 e5 15. dxe5 Ng4 16. Qxd5+ Qxd5 17. Nxd5 Bxg5 18. fxg5 Be6 19. Nf6+ Rxf6 20. exf6 Nxe3 21. Kf2 Ng4+ 22. Kg3 Rd8 23. h3 Ne3 24. Re1 Nxf1+ 25. Rhxf1 Kf7 26. Rf2 Rd5 27. h4 a5 28. Rfe2 Nd4 29. Re4 Nf5+ 30. Kh2 Rd6 31. Rc1 Rd7 32. Rc5 Nd4 33. Rxa5 Nc6 34. Rb5 Bxa2 35. b3 Bb1 36. Re3 Bf5 37. Rxf5 Nd4 38. Rfe5 Kg6 39. Re7 Rd5 40. Rg7+ Kf5 41. f7 1-0


[Site "https://www.chess.com"]

[Event "Titled Tuesday Blitz June 28 Early 2022"]
[White "Kjartansson, David"]
[Black "Adla, Diego"]
[WhiteFideId "2301130"]
[BlackFideId "100072"]
[WhiteElo "2382"]
[BlackElo "2377"]
[Result "1-0"]
[Round "07"]
[TimeControl "180+1"]
[Date "2022.06.28"]
[WhiteClock "0:01:18"]
[BlackClock "0:00:59"]

1. d4 Nf6 2. Nc3 d5 3. Bf4 a6 4. e3 Bf5 5. Nf3 e6 6. Ne5 Bd6 7. g4 Bxe5 8. dxe5 Nxg4 9. f3 Nh6 10. e4 Bh3 11. Qd2 Bxf1 12. Rxf1 dxe4 13. Qxd8+ Kxd8 14. O-O-O+ Kc8 15. fxe4 Rf8 16. Rg1 b5 17. Rxg7 Ng8 18. Rxh7 Kb7 19. h4 Nc6 20. h5 Nge7 21. Rh1 Rg8 22. Rxf7 Rg2 23. Be3 Rh8 24. h6 Ng8 25. h7 Nxe5 26. Rf2 Rxf2 27. Bxf2 Nf6 28. Bd4 Nfd7 29. Ne2 Kc6 30. Nf4 Kd6 31. b4 Nf8 32. Bc5+ Kd7 33. Bxf8 1-0


[Site "https://www.chess.com"]

[Event "Titled Tuesday Blitz June 28 Early 2022"]
[White "Kohler, Aran"]
[Black "Przybylski, Wojciech"]
[WhiteFideId "1002856"]
[BlackFideId "1117599"]
[WhiteElo "2272"]
[BlackElo "2133"]
[Result "0-1"]
[Round "07"]
[TimeControl "180+1"]
[Date "2022.06.28"]
[WhiteClock "0:00:01"]
[BlackClock "0:00:02"]

1. d4 d5 2. Nf3 Nf6 3. Bg5 e6 4. Nbd2 h6 5. Bxf6 gxf6 6. e4 dxe4 7. Nxe4 b6 8. c3 Bb7 9. Bd3 Nd7 10. Qe2 Rg8 11. O-O Qe7 12. a4 f5 13. Ng3 f4 14. Ne4 f5 15. Ned2 Kf7 16. Rfe1 Re8 17. Bc4 Bd5 18. Bxd5 exd5 19. Qb5 Qd6 20. Rxe8 Kxe8 21. Ne5 Bg7 22. Ndf3 Bxe5 23. Nxe5 Rg7 24. Re1 Re7 25. Kf1 a6 26. Qxa6 Nxe5 27. Qc8+ Kf7 28. Qxf5+ Kg8 29. dxe5 Qc6 30. Qxf4 Rf7 31. Qg3+ Kf8 32. b3 Qe6 33. h3 c5 34. Kg1 Rf5 35. f4 d4 36. cxd4 cxd4 37. Qf3 Kg7 38. g4 Rf8 39. f5 Qd7 40. e6 Qe7 41. Qe4 Qh4 42. Qe5+ Kh7 43. Kg2 h5 44. e7 Re8 45. f6 hxg4 46. Qg3 gxh3+ 47. Qxh3 Qxh3+ 48. Kxh3 Kg6 49. Rf1 Kf7 50. Kg4 d3 51. Kf5 Rh8 52. Rd1 Rh5+ 53. Ke4 Rh8 54. Rxd3 Kxf6 55. Rd7 Ke6 56. Rb7 Kd6 57. Rxb6+ Kxe7 0-1


[Site "https://www.chess.com"]

[Event "Titled Tuesday Blitz June 28 Early 2022"]
[White "Kopczynski, Michal"]
[Black "Barp, Alberto"]
[WhiteFideId "1124200"]
[BlackFideId "872555"]
[WhiteElo "2235"]
[BlackElo "2229"]
[Result "1/2-1/2"]
[Round "07"]
[TimeControl "180+1"]
[Date "2022.06.28"]
[WhiteClock "0:00:19"]
[BlackClock "0:00:38"]

1. e4 c5 2. d4 cxd4 3. c3 Nf6 4. Bd3 Nc6 5. f4 d5 6. e5 Ne4 7. Nf3 dxc3 8. Nxc3 Nxc3 9. bxc3 Bg4 10. O-O e6 11. h3 Bc5+ 12. Kh2 Bxf3 13. Qxf3 Qd7 14. Qg3 O-O-O 15. Rb1 f5 16. Be3 Bxe3 17. Qxe3 d4 18. Qf3 dxc3 19. Bb5 c2 20. Rbc1 Qd5 21. Bxc6 Qxc6 22. Qxc6+ bxc6 23. Rxc2 Kb7 24. Rb1+ Kc7 25. Rbc1 Rc8 26. Rxc6+ Kb7 27. Rxc8 Rxc8 28. Rxc8 Kxc8 29. g4 fxg4 30. hxg4 g6 31. Kg3 Kd7 32. Kf3 Kc6 33. f5 gxf5 34. gxf5 exf5 35. Kf4 Kd7 36. Kxf5 Ke7 37. Kg5 Ke6 38. Kh6 Kxe5 39. Kxh7 Kd4 40. Kg6 Kc3 41. Kf5 a5 42. Ke4 a4 43. a3 Kc2 44. Ke3 Kc3 45. Ke2 Kc2 46. Ke1 Kc1 47. Ke2 Kb2 48. Kd2 Kxa3 49. Kc1 Ka2 50. Kc2 a3 51. Kc1 Ka1 52. Kc2 Ka2 53. Kc1 Ka1 54. Kc2 a2 55. Kc1 1/2-1/2


[Site "https://www.chess.com"]

[Event "Titled Tuesday Blitz June 28 Early 2022"]
[White "Korchmar, Vasiliy"]
[Black "Sargissyan, Sargis"]
[WhiteFideId "24131750"]
[BlackFideId "13303210"]
[WhiteElo "2370"]
[BlackElo "2174"]
[Result "0-1"]
[Round "07"]
[TimeControl "180+1"]
[Date "2022.06.28"]
[WhiteClock "0:00:05"]
[BlackClock "0:00:11"]

1. e4 e5 2. Nf3 Nc6 3. Nc3 Nf6 4. h3 Bb4 5. Nd5 Nxe4 6. Qe2 Nf6 7. Nxb4 Nxb4 8. Qxe5+ Qe7 9. Qxe7+ Kxe7 10. Nd4 Re8 11. b3 c5 12. a3 Nc6 13. Nxc6+ dxc6 14. Bd3 Kf8+ 15. Kd1 Ne4 16. Rf1 Bf5 17. a4 Re6 18. Ba3 b6 19. Kc1 Rae8 20. a5 Nd6 21. Ba6 Re1+ 22. Kb2 Rxa1 23. Rxa1 Ne4 24. axb6 axb6 25. Bd3 Bg6 26. f3 Nd6 27. Bf1 Nb5 28. Bc4 Rd8 29. Kc1 Nd4 30. Bb2 Nxc2 31. Ra6 Rb8 32. Ra7 Nd4 33. d3 b5 34. Ba3 bxc4 35. Bxc5+ Kg8 36. Bxd4 cxd3 37. Kb2 d2 38. Ra1 Rd8 39. Kc3 c5 40. Kxd2 Rxd4+ 41. Kc3 Rd8 42. Kc4 Rc8 43. Ra5 f6 44. Rxc5 Bf7+ 45. Kd4 Rxc5 46. Kxc5 Bxb3 0-1


[Site "https://www.chess.com"]

[Event "Titled Tuesday Blitz June 28 Early 2022"]
[White "Kupervaser, Erez"]
[Black "Ivanov, Mike"]
[WhiteFideId "2814587"]
[BlackFideId "2613158"]
[WhiteElo "1832"]
[BlackElo "2182"]
[Result "1/2-1/2"]
[Round "07"]
[TimeControl "180+1"]
[Date "2022.06.28"]
[WhiteClock "0:00:13"]
[BlackClock "0:00:17"]

1. e4 e6 2. d4 d5 3. Nc3 Bb4 4. a3 Bxc3+ 5. bxc3 dxe4 6. Qg4 Nf6 7. Qxg7 Rg8 8. Qh6 Bd7 9. Bg5 Rg6 10. Qh4 Ba4 11. Ne2 h6 12. Bxh6 Nd5 13. Qh3 Bxc2 14. Nf4 Rg8 15. Rc1 Ba4 16. Nxe6 Qe7 17. Nc5 Bd7 18. Nxd7 Nxd7 19. c4 N5f6 20. Be3 Qxa3 21. Be2 Qb4+ 22. Bd2 Qb2 23. Be3 Qb4+ 24. Bd2 Qb2 25. d5 O-O-O 26. Rd1 Kb8 27. Bc3 Qc2 28. Qe3 Rxg2 29. Rc1 Qb3 30. Kd2 Rdg8 31. Rb1 Qa3 32. Ra1 Qc5 33. Bd4 Qb4+ 34. Kc2 Qd6 35. Rhb1 Nb6 36. c5 Qxd5 37. cxb6 cxb6 38. Bxb6 Rc8+ 39. Kb2 axb6 40. Qxb6 Qd2+ 41. Ka3 Rc3+ 42. Ka4 Qd7+ 43. Rb5 Rg5 44. Rb1 Rc2 45. Qxb7+ Qxb7 46. Rxb7+ Kc8 47. Rb8+ Kd7 48. R8b7+ Ke6 49. R1b6+ Kf5 50. Rxf7 Rg6 51. Bh5 Ra2+ 52. Kb3 Rxf2 53. Bxg6+ Kxg6 54. Rf8 e3 55. Kc3 e2 56. Kd2 Kg7 57. Rfxf6 e1=Q+ 58. Kxe1 Rxf6 59. Rxf6 Kxf6 60. Kf2 Kg5 61. Kg3 Kh5 62. h4 Kh6 63. Kh3 Kh7 64. Kg4 Kh8 65. Kg5 Kg8 66. Kh6 Kh8 67. h5 Kg8 68. Kg6 Kh8 69. Kh6 Kg8 70. Kg6 Kh8 71. h6 Kg8 72. Kh5 Kh8 73. Kg6 Kg8 74. h7+ Kh8 75. Kf7 Kxh7 1/2-1/2


[Site "https://www.chess.com"]

[Event "Titled Tuesday Blitz June 28 Early 2022"]
[White "Large, Peter G"]
[Black "Antonio, Jorge Carlos"]
[WhiteFideId "400866"]
[BlackFideId "113190"]
[WhiteElo "2064"]
[BlackElo "2247"]
[Result "1-0"]
[Round "07"]
[TimeControl "180+1"]
[Date "2022.06.28"]
[WhiteClock "0:01:10"]
[BlackClock "0:00:41"]

1. Nf3 d5 2. b3 c5 3. e3 Nc6 4. Bb2 Nf6 5. Bb5 Qc7 6. O-O a6 7. Bxc6+ Qxc6 8. Ne5 Qc7 9. d3 Nd7 10. f4 f6 11. Qh5+ g6 12. Nxg6 hxg6 13. Qxh8 b6 14. Qg8 Bb7 15. Qxg6+ Kd8 16. Nd2 Qd6 17. e4 dxe4 18. Nxe4 Bxe4 19. Qxe4 Rc8 20. Rae1 Nb8 21. Qe6 Qc7 22. Bxf6 Nc6 23. Qf7 Kd7 24. Qd5+ Ke8 25. Be5 Qd7 26. Qxd7+ Kxd7 27. Bc3 b5 28. Re4 b4 29. Bb2 e6 30. Rfe1 Nd8 31. g3 Bd6 32. Kg2 a5 33. h4 a4 34. h5 axb3 35. axb3 Bf8 36. Ra1 Ke7 37. Ra7+ Ke8 38. g4 Be7 39. g5 Kf7 40. g6+ Kf8 41. h6 1-0


[Site "https://www.chess.com"]

[Event "Titled Tuesday Blitz June 28 Early 2022"]
[White "Lashkin, Jegor"]
[Black "Narayanan, Srinath"]
[WhiteFideId "13907808"]
[BlackFideId "5018420"]
[WhiteElo "2368"]
[BlackElo "2472"]
[Result "0-1"]
[Round "07"]
[TimeControl "180+1"]
[Date "2022.06.28"]
[WhiteClock "0:00:03"]
[BlackClock "0:00:38"]

1. d4 Nf6 2. c4 e6 3. Nf3 d5 4. Nc3 Bb4 5. e3 O-O 6. Bd2 b6 7. cxd5 exd5 8. Rc1 c5 9. Be2 Bb7 10. O-O Re8 11. dxc5 bxc5 12. Na4 Bxd2 13. Qxd2 Ne4 14. Qc2 c4 15. b3 cxb3 16. Qxb3 Ba6 17. Bxa6 Nxa6 18. Rfd1 Rb8 19. Qxd5 Qxd5 20. Rxd5 Nb4 21. Ra5 Nxa2 22. Ra1 Rec8 23. Nd4 Rc1+ 24. Rxc1 Nxc1 25. f3 Rb1 26. h4 Nb3+ 27. Kh2 Nxa5 28. fxe4 Nc4 29. Nc3 Re1 30. Nd5 Nxe3 31. Nf3 Ng4+ 32. Kg3 Rxe4 33. Ng5 Ra4 34. Ne7+ Kf8 35. Nc6 Nf6 36. Kf3 h6 37. Nh3 a6 38. Nf4 Ra3+ 39. Ke2 Rc3 40. Na5 Ne4 41. Nd3 Rc2+ 42. Ke3 Nc5 43. Nf4 Nb3 44. Nb7 a5 45. Kd3 Rc7 46. Nd6 Rd7 47. Kc3 Rxd6 48. Kxb3 Rd4 49. Ne2 Rxh4 0-1


[Site "https://www.chess.com"]